 Dungeon Crawl Stone Soup version 0.20-a0-1017-gc3250ce (webtiles) character file.

252 HankScorpio the Cudgeler (level 6, 0/52 HPs)
             Began as a Gargoyle Gladiator on Apr 17, 2017.
             Was an Initiate of Okawaru.
             Slain by an ogre
             ... wielding a +0 giant club
              (13 damage)
             ... on level 4 of the Dungeon.
             The game lasted 00:06:52 (2353 turns).

HankScorpio the Cudgeler (Gargoyle Gladiator)       Turns: 2353, Time: 00:06:52

Health: 0/52       AC: 23    Str: 18    XL:     6   Next: 13%
Magic:  6/6        EV:  2    Int:  8    God:    Okawaru [......]
Gold:   97         SH:  0    Dex: 13    Spells: 5/5 levels left

rFire    . . .     SeeInvis .   v - -3 flail (curse)
rCold    . . .     Gourm    .   (no shield)
rNeg     + + +     Faith    .   (armour currently unavailable)
rPois    ∞         Spirit   .   (helmet currently unavailable)
rElec    .         Reflect  .   (cloak currently unavailable)
rCorr    .         Harm     .   (gloves currently unavailable)
MR       .....     NoTele   +   (boots currently unavailable)
Stlth    +.........             (no amulet)
Regen    0.2/turn               q - ring of positive energy
MPRegen  0.1/turn               (no ring)

@: tree-form
A: negative energy resistance 1, petrification resistance, rot immunity, AC +4
a: Renounce Religion


You were on level 4 of the Dungeon.
You worshipped Okawaru.
Okawaru was noncommittal.
You were hungry.
You were a tree.
You visited 1 branch of the dungeon, and saw 4 of its levels.

You collected 97 gold pieces.

Inventory:

Hand Weapons
 a - a +0 flail
 r - a +3 mace
 v - a cursed -3 flail (weapon)
Missiles
 d - 4 throwing nets (quivered)
 m - 5 curare-tipped needles
 w - 4 tomahawks
 C - 6 poisoned needles
Armour
 b - a +0 leather armour
 c - a +0 helmet (melded)
 y - a +0 pair of boots (melded)
 B - a +0 ring mail (melded)
Jewellery
 q - a ring of positive energy (left branch)
Scrolls
 e - 3 scrolls of remove curse {unknown}
 i - 4 scrolls of identify {unknown}
 k - 2 scrolls of recharging {unknown}
 l - a scroll of blinking {unknown}
 o - a scroll of random uselessness {unknown}
 p - a scroll of enchant armour {unknown}
 s - a scroll of amnesia {unknown}
Potions
 g - a potion of brilliance {unknown}
 h - 2 potions of lignification
 j - 2 potions of berserk rage {unknown}
 n - 2 potions of haste {unknown}
 t - a potion of cancellation {unknown}
 u - a potion of flight {unknown}
 x - 2 potions of curing {unknown}
 z - a potion of invisibility {unknown}
 A - a potion of agility {unknown}
Comestibles
 f - 4 bread rations


   Skills:
 - Level 2.1 Fighting
 + Level 6.7 Maces & Flails
 - Level 1.7 Throwing
 - Level 2.4 Dodging


You had 5 spell levels left.
You didn't know any spells.

Dungeon Overview and Level Annotations

Branches:
Dungeon (4/15)
 Temple: D:4-7

Altars:
Ashenzari
Okawaru


Innate Abilities, Weirdness & Mutations

You are resistant to torment.
((Your stone body is resilient. (AC +4)))
You are immune to poison.
You resist negative energy. (rN+)
((You are resistant to electric shocks. (rElec)))
((You can survive without breathing.))
You are immune to petrification.
You are immune to rotting.


Message History

You kill the hound!
Okawaru accepts your kill.
You have reached level 6!
Your experience leads to an increase in your attributes!
Increase (S)trength, (I)ntelligence, or (D)exterity?
You feel agile.
You hit the ogre.
The ogre is moderately wounded.
The ogre hits you but does no damage.
You hit the ogre.
The ogre is moderately wounded.
The ogre barely misses you.
You hit the ogre but do no damage.
The ogre is moderately wounded.
The ogre hits you with a giant club.
* * * LOW HITPOINT WARNING * * *
You hit the ogre but do no damage.
The ogre is moderately wounded.
The ogre hits you with a giant club!
You die...

...... ..... #...# #...#
#...# ###...### #
#.......# ####.####
#.##.##.# #........
#.##....# #♣# ...# .
#.##.#..#######O# ...##..
#....#.......##.# ......
##..#####.###....##...##
......#...##..#.....#..#
#####.#.####.###...###...
# #...##....#..#..#..## #
#)####.##....##...## #
#.# #. #..#.# #.##


You could see an ogre.

Vanquished Creatures
  A bullfrog (D:3)
  A hound (D:4)
  An orc wizard (D:3)
  3 adders (D:2)
  2 gnolls
  5 worms
  2 dart slugs (D:1)
  2 leopard geckos
  4 orcs
  2 giant cockroaches
  4 goblins
  11 hobgoblins
  7 kobolds
  5 bats
  4 frilled lizards
  10 rats
64 creatures vanquished.

Notes
Turn   | Place    | Note
-------+----------+-------------------------------------------
     0 | D:1      | HankScorpio the Gargoyle Gladiator began the quest for the Orb.
     0 | D:1      | Reached XP level 1. HP: 12/12 MP: 1/1
    75 | D:1      | Reached XP level 2. HP: 11/17 MP: 2/2
   385 | D:1      | Reached skill level 4 in Maces & Flails
   511 | D:1      | Reached XP level 3. HP: 11/21 MP: 3/3
  1030 | D:2      | Reached XP level 4. HP: 23/26 MP: 4/4
  1183 | D:2      | Reached skill level 5 in Maces & Flails
  1282 | D:2      | Found an iron altar of Okawaru.
  1303 | D:2      | Became a worshipper of Warmaster Okawaru
  1458 | D:3      | Found a shattered altar of Ashenzari.
  1458 | D:3      | Noticed a bullfrog
  1475 | D:3      | Killed a bullfrog
  1475 | D:3      | Reached skill level 6 in Maces & Flails
  1475 | D:3      | Reached XP level 5. HP: 19/30 MP: 5/5
  2338 | D:4      | Noticed an ogre
  2349 | D:4      | Reached XP level 6. HP: 14/35 MP: 6/6
  2353 | D:4      | Slain by an ogre

Vault maps used:
D:1:      eino_arrival_druids_welcome
D:2:      okawaru_altar_gauntlet_db, minmay_liquid_box, serial_bayou_pond_c
D:3:      first_bread, evilmike_ruin_ashenzari
D:4:      zin_purify, kennysheep_mini, minmay_temple_entry_nine_rooms,
          minmay_strange_pillars, uniq_crazy_yiuf_cottage

Skill      XL: |  1  2  3  4 |
---------------+-------------+-----
Maces & Flails | 4 6 |  6.7
Fighting       | |  2.1
Throwing       | |  1.7
Dodging        | |  2.4

Action                   |  1- 3 |  4- 6 || total
-------------------------+-------+-------++-------
Melee: Flail             |    79 |    45 ||   124
       Mace              |       |    67 ||    67
  Use: Potion            |       |     1 ||     1
 Stab: Sleeping          |       |     1 ||     1
  Eat: Chunk             |       |     4 ||     4
Armor: Leather armour    |    38 |    37 ||    75
       Ring mail         |       |     8 ||     8
       Skin              |       |     3 ||     3
Dodge: Dodged            |    52 |    80 ||   132
